AoeStats
← ME_DEPRIME_JUGAR_CON_USTEDES

Pilgrims

508046398Analyzed
4v4 RM · 10d ago on Sep 20, 2026· 36m 18s· 8 players
Game mode
Random Map
Map size
Large (8 player)
Population
200
Speed
Normal
Resources
Standard
Victory
Conquest
Starting age
Dark Age
Ending age
Imperial Age
RankedLock teamsTeams togetherTeam positionsShared explorationLock speedFull tech treeHidden civsTurbo modeCheats
Victory
Defeat
🇦🇷 Armenians · Argentina
1588
+15
🇦🇷 Sicilians · Argentina
1555
+16
🇦🇷 Dravidians · Argentina
1533
+17
🇦🇷 Bengalis · Argentina
1455
+21
🇨🇳 Malay · China
1640
-20
🇦🇷 Poles · Argentina
1568
-18
🇩🇪 Shu · Germany
1517
-16
🇨🇭 Persians · Switzerland
1514
-15
Prostate Exam Cameraman
10:51 Feudal Age
9:07 Loom
12:50 Double-Bit Axe
15:50 Wheelbarrow
19:03 Castle Age
19:49 Bow Saw
20:02 Scale Barding Armor
22:38 Husbandry
23:17 Bloodlines
24:55 Hand Cart
26:52 Bloodlines
30:18 Chain Barding Armor
30:09 Forging
35:00 Iron Casting
SbS | Havoc
6:40 Loom
9:56 Feudal Age
10:30 Double-Bit Axe
21:34 Castle Age
19:27 Gold Mining
22:36 Medium Warships
22:24 Fletching
23:05 Bodkin Arrow
31:33 Horse Collar
32:08 Bow Saw
34:50 Wheelbarrow
38:50 Imperial Age
36:38 Hand Cart
Bz_
3:42 Loom
12:34 Feudal Age
13:48 Double-Bit Axe
16:16 Castle Age
14:40 Horse Collar
16:06 Medium Warships
16:43 Bow Saw
17:12 Fishing Lines
17:34 Town Watch
19:46 Gillnets
23:18 Wheelbarrow
25:49 Hand Cart
36:03 Imperial Age
34:43 Fletching
35:40 Crossbowman
ME_DEPRIME_JUGAR_CON_USTEDES
2:57 Loom
11:09 Feudal Age
11:50 Double-Bit Axe
13:31 Fletching
17:43 Fishing Lines
22:51 Castle Age
22:02 Wheelbarrow
22:22 Padded Archer Armor
24:02 Bodkin Arrow
26:27 Medium Warships
33:44 Bow Saw
33:15 Horse Collar
34:35 Heavy Plow
36:28 Gold Mining
__24_Thorfin_Arg
5:16 Loom
11:56 Feudal Age
13:14 Double-Bit Axe
14:47 Forging
18:29 Castle Age
19:24 Medium Warships
19:51 Iron Casting
20:27 Gold Mining
28:19 Careening
28:19 Clinker Construction
28:39 Town Watch
29:29 Wheelbarrow
33:14 Hand Cart
35:10 Fishing Lines
_38_VirusBox_Arg
3:19 Loom
9:59 Feudal Age
10:29 Double-Bit Axe
10:32 Town Watch
16:40 Wheelbarrow
21:13 Castle Age
19:46 Horse Collar
19:57 Gold Mining
22:19 Hand Cart
24:45 Bow Saw
25:06 Heavy Plow
34:04 Imperial Age
31:36 Scale Mail Armor
32:45 First Crusade
33:16 Chain Mail Armor
33:11 Forging
33:41 Squires
34:36 Gold Shaft Mining
33:52 Stone Mining
34:09 Elite Serjeant
35:36 Conscription
35:52 Plate Mail Armor
36:36 Stone Shaft Mining
36:32 Crop Rotation
36:31 Arson
36:32 Gambesons
_29_3ffect_Arg
10:03 Feudal Age
10:40 Loom
11:19 Fishing Lines
16:27 Castle Age
16:42 Gold Mining
16:44 Stone Mining
17:24 Medium Warships
17:08 Double-Bit Axe
19:49 Wheelbarrow
19:26 Bow Saw
21:07 Horse Collar
23:48 Town Watch
26:01 Hand Cart
27:43 Fletching
31:16 Imperial Age
30:12 Gillnets
31:03 Bodkin Arrow
31:09 Padded Archer Armor
32:54 Bracer
33:58 Chemistry
34:09 Ballistics
34:23 Leather Archer Armor
34:35 Thumb Ring
34:52 Elite Elephant Archer
36:03 Ring Archer Armor
36:15 Masonry
_13_Enzus_Arg
8:32 Loom
10:28 Feudal Age
9:21 Loom
14:45 Castle Age
13:44 Double-Bit Axe
15:25 Fletching
17:00 Bodkin Arrow
18:22 Bow Saw
22:18 Horse Collar
26:02 Padded Archer Armor
28:05 Wheelbarrow
27:50 Heavy Plow
30:35 Gold Mining
35:51 Imperial Age
36:43 Ballistics
37:39 Chemistry
Connection lost

Rejoining the realm…

Still unreachable

The connection could not be restored.

Session expired

The server has moved on; the page needs a fresh start.